 Dungeon Sprint DCSS version 0.19.3-4-gbf9329e (webtiles) character file.

1262 Kagutsuchi the Fighter (level 8, -2/83 HPs)
             Began as a Purple Draconian Berserker on Jan 28, 2017.
             Was an Elder of Trog.
             Shot with a bolt by a yaktaur (20 damage)
             ... in the Dungeon (Sprint II: "The Violet Keep of Menkaure").
             The game lasted 00:04:39 (686 turns).

Kagutsuchi the Fighter (Purple Draconian Berserker)  Turns: 686, Time: 00:04:40

Health: -2/83      AC:  6    Str: 22    XL:     8   Next: 27%
Magic:  8/8        EV: 22    Int:  7    God:    Trog [****..]
Gold:   42         SH:  0    Dex: 11    Spells: 0 memorised, 7 levels left

rFire  . . .     SeeInvis .     b - +5 battleaxe of the Spider {drain, rN+}
rCold  . . .     Gourm    .     (armour unavailable)
rNeg   + . .     Faith    .     (shield currently unavailable)
rPois  .         Spirit   .     (helmet restricted)
rElec  .         Reflect  .     (no cloak)
rCorr  .         Harm     .     (no gloves)
MR     +....     NoTele   +     (no boots)
Stlth  +.........               (no amulet)
                                m - +3 ring of evasion
                                l - +2 ring of evasion

@: no status effects
A: breathe power, unfitting armour, cold-blooded, AC +6
a: Breathe Dispelling Energy, Berserk, Trog's Hand, Brothers in Arms, Burn
Spellbooks, Renounce Religion


You were in the Dungeon.
You worshipped Trog.
Trog was greatly pleased with you.
You were not hungry.

You visited 1 branch You collected 972 gold pieces.
You spent 930 gold pieces at shops.

Inventory:

Hand Weapons
 a - a +0 falchion
 b - the +5 battleaxe of the Spider (weapon) {drain, rN+}
   (You bought it in a shop in the Dungeon)

   A truly terrible weapon, it drains the life of those it strikes.
   It protects you from negative energy.
Jewellery
 l - a +2 ring of evasion (left hand)
 m - a +3 ring of evasion (right hand)
Scrolls
 h - a scroll of blinking
Potions
 c - 3 potions of curing
 e - a potion of haste
 f - 2 potions of magic
 g - a potion of berserk rage
 n - a potion of lignification {unknown}
Comestibles
 i - a bread ration
 j - a meat ration
 k - a slice of pizza


   Skills:
 + Level 11.8 Fighting
 + Level 11.2 Long Blades
 + Level 0.4 Axes
 + Level 9.9 Dodging


You had 7 spell levels left.
You didn't know any spells.

Dungeon Overview and Level Annotations

Branches:
Dungeon (1/1)

Altars:
Cheibriados
Dithmenos
Elyvilon
Fedhas
Gozag
Kikubaaqudgha
Makhleb
Nemelex Xobeh
Okawaru
Trog
Uskayaw
Vehumet
The Shining One
Lugonu

Shops:
D ?::!}[}=%!=(=[%!

Annotations:
D exclusion: oklob plant, Roxanne


Innate Abilities, Weirdness & Mutations

You can breathe bolts of dispelling energy.
Your rich purple scales are hard. (AC +6)
You cannot fit into any form of body armour.
You are cold-blooded and may be slowed by cold attacks.


Message History

Really walk into a travel-excluded area? [Y]es or [N]o only, please.
Really walk into a travel-excluded area?
Okay, then.
A yaktaur is nearby!
You start resting.
You start resting.
The yaktaur shoots a bolt.
The bolt hits you!!
* * * LOW HITPOINT WARNING * * *
You see here a bolt.
The yaktaur shoots a bolt.
The bolt misses you.
You feel much better.
The yaktaur shoots a bolt.
The bolt hits you!!
* * * LOW HITPOINT WARNING * * *
You see here a bolt.
The yaktaur shoots a bolt.
The bolt closely misses you.
You see here a bolt.
You see here a bolt.
The yaktaur shoots a bolt.
The bolt hits you!!
You die...

§≈≈ § ;≈≈ # ;§ ;§ ≈## ;≈;≈
######≈≈# +#+++## #####≈≈≈...
.....# ....#≈≈≈≈.##+##..#
∩...#≈≈≈≈##...##@####
.∩..#≈≈≈≈#..#..#.((.#
∩.⌠.#≈≈####.#.####..##
.∩..#≈##.###÷###.##..# .# #
∩...#≈##..##.##...#(.# .# .#
....†≈'.##'.<.†.##+.c### .##c#
....#≈##..##.#### #....###^..##▓
▓▓###≈##.###'## ##...(.(c≈c≈≈≈≈
#####≈≈####.).####§≈..(†.≈#+####


You could see a yaktaur and 2 electric eels.

Vanquished Creatures
  A siren (D)
  A vampire mosquito (D)
  4 necrophages (D)
  A crocodile (D)
  4 worker ants (D)
  2 worms (D)
13 creatures vanquished.

Vanquished Creatures (collateral kills)
  2 polar bears (D)
  A hornet (D)
3 creatures vanquished.

Vanquished Creatures (others)
  Menkaure (D)
  A crocodile (D)
2 creatures vanquished.

Grand Total: 18 creatures vanquished

Notes
Turn   | Place    | Note
-------+----------+-------------------------------------------
     0 | D        | Kagutsuchi the Draconian Berserker began the quest for the Orb.
     0 | D        | Reached XP level 1. HP: 19/19 MP: 1/1
     5 | D        | Noticed a worker ant
     5 | D        | Noticed a worker ant
     5 | D        | Noticed a worker ant
     5 | D        | Noticed a worker ant
     9 | D        | Noticed a necrophage
     9 | D        | Noticed a necrophage
     9 | D        | Noticed a necrophage
     9 | D        | Noticed a necrophage
    15 | D        | Killed a necrophage
    15 | D        | Reached skill level 5 in Long Blades
    15 | D        | Reached skill level 5 in Dodging
    15 | D        | Reached XP level 2. HP: 30/30 MP: 2/2
    15 | D        | Reached XP level 3. HP: 37/37 MP: 3/3
    15 | D        | Reached XP level 4. HP: 44/44 MP: 4/4
    20 | D        | Killed a necrophage
    20 | D        | Reached XP level 5. HP: 46/52 MP: 5/5
    22 | D        | Killed a necrophage
    22 | D        | Reached ** piety under Trog
    25 | D        | Killed a necrophage
    25 | D        | Reached XP level 6. HP: 56/63 MP: 6/6
    37 | D        | Killed Menkaure
   261 | D        | Noticed a siren
   268 | D        | Killed a siren
   268 | D        | Reached *** piety under Trog
   268 | D        | Reached skill level 10 in Fighting
   268 | D        | Reached skill level 10 in Long Blades
   268 | D        | Your scales start taking on a rich purple colour.
   268 | D        | Reached XP level 7. HP: 73/73 MP: 7/7
   357 | D        | Reached **** piety under Trog
   432 | D        | Found Ywioxu's Antique Armour Emporium.
   432 | D        | Found Veweg's Distillery.
   432 | D        | Found Yshreunij's Jewellery Shoppe.
   432 | D        | Found Cerif's Food Shoppe.
   432 | D        | Found Coiheul's Antique Weapon Emporium.
   433 | D        | Found Dothrol's Distillery.
   433 | D        | Found Niuj's Food Emporium.
   433 | D        | Found Pyapriotesk's Jewellery Shoppe.
   434 | D        | Found Yfitaonk's Gadget Emporium.
   434 | D        | Found Usakir's Antique Armour Shoppe.
   434 | D        | Found Gyddeelu's Gadget Shoppe.
   434 | D        | Noticed a great orb of eyes
   435 | D        | Found Kiafoh's Jewellery Emporium.
   436 | D        | Found Mogaiga's Distillery.
   436 | D        | Found Isigokol's Book Emporium.
   436 | D        | Noticed an oklob plant
   437 | D        | Found Juzeno's Magic Scroll Shoppe.
   437 | D        | Found Luoma's Book Shoppe.
   440 | D        | Noticed a manticore
   440 | D        | Noticed a manticore
   569 | D        | Noticed a manticore
   579 | D        | Bought a warped battleaxe for 310 gold pieces
   579 | D        | Identified the +5 battleaxe of the Spider {drain, rN+} (You bought it in a shop in the Dungeon)
   587 | D        | Noticed a slime creature
   587 | D        | Noticed a slime creature
   592 | D        | Noticed a flying skull
   592 | D        | Noticed a flying skull
   592 | D        | Noticed a flying skull
   593 | D        | Noticed a flying skull
   596 | D        | Bought a potion of heal wounds for 70 gold pieces
   596 | D        | Bought a potion of curing for 42 gold pieces
   596 | D        | Bought a potion of curing for 42 gold pieces
   602 | D        | Bought a bread ration for 55 gold pieces
   602 | D        | Bought a meat ration for 55 gold pieces
   602 | D        | Bought a slice of pizza for 16 gold pieces
   604 | D        | Bought a +2 ring of evasion for 130 gold pieces
   609 | D        | Bought a +3 ring of evasion for 210 gold pieces
   623 | D        | Noticed a vampire mosquito
   626 | D        | Killed a vampire mosquito
   639 | D        | Noticed Roxanne
   652 | D        | Found an opulent altar of Gozag.
   652 | D        | Found an iron altar of Okawaru.
   653 | D        | Found a blossoming altar of Fedhas.
   653 | D        | Found a sparkling altar of Nemelex Xobeh.
   654 | D        | Found a white marble altar of Elyvilon.
   654 | D        | Found a burning altar of Makhleb.
   654 | D        | Found a radiant altar of Vehumet.
   655 | D        | Found a shadowy altar of Dithmenos.
   655 | D        | Found a corrupted altar of Lugonu.
   655 | D        | Found a hide-covered altar of Uskayaw.
   656 | D        | Found a snail-covered altar of Cheibriados.
   656 | D        | Found an ancient bone altar of Kikubaaqudgha.
   656 | D        | Found a bloodstained altar of Trog.
   656 | D        | Found a glowing golden altar of the Shining One.
   656 | D        | Noticed a polar bear
   657 | D        | Noticed a polar bear
   660 | D        | Noticed a hornet
   663 | D        | Killed a polar bear
   663 | D        | Reached XP level 8. HP: 55/82 MP: 8/8
   664 | D        | Noticed a yaktaur
   664 | D        | Killed a polar bear
   667 | D        | Killed a hornet
   686 | D        | Shot with a bolt by a yaktaur

Skill      XL: |  1  2  3  4  5  6  7  8 |
---------------+-------------------------+-----
Fighting       | 6 7 9 10 11 | 11.8
Long Blades    | 5 7 8 10 11 | 11.2
Dodging        | 5 6 7 8 9 |  9.9
Axes           | |  0.4

Action                   |  1- 3 |  4- 6 |  7- 9 || total
-------------------------+-------+-------+-------++-------
Melee: Falchion          |     5 |    15 |    37 ||    57
       Tailslap          |     1 |     2 |     5 ||     8
       Battleaxe         |       |       |     5 ||     5
Invok: Berserk           |     1 |     1 |       ||     2
       Brothers in Arms  |       |       |     1 ||     1
  Use: Potion            |       |       |     2 ||     2
  Eat: Bread ration      |       |       |     1 ||     1
Armor: Skin              |       |     2 |     4 ||     6
Dodge: Dodged            |       |     2 |    39 ||    41
       Rpst.: Falchion   |       |       |     9 ||     9
